 Dungeon Crawl Stone Soup version 0.26-a0-612-gd4d190f45e (webtiles) character file.

Game seed: 16498812223901159987

142 DogServant the Magician (level 5, 0/29 HPs)
             Began as a Deep Elf Hedge Wizard on Sept 10, 2020.
             Killed from afar by an orc wizard (4 damage)
             ... with a puff of flame
             ... on level 4 of the Dungeon.
             The game lasted 00:12:18 (4520 turns).

DogServant the Magician (Deep Elf Hedge Wizard)     Turns: 4520, Time: 00:12:18

Health: 0/29       AC:  3    Str:  7    XL:     5   Next: 3%
Magic:  6/15       EV: 13    Int: 20    God:
Gold:   158        SH:  0    Dex: 14    Spells: 9/16 levels left

rFire    . . .     SeeInvis .   r - +2 dagger (venom)
rCold    . . .     Faith    .   (no shield)
rNeg     . . .     Spirit   .   b - +0 robe
rPois    .         Reflect  .   c - +1 hat
rElec    .         Harm     .   (no cloak)
rCorr    .                      (no gloves)
MR       .....                  (no boots)
Stlth    +.........             (no amulet)
HPRegen  0.09/turn              (no ring)
MPRegen  0.14/turn              (no ring)

@: confused
A: no striking features
a: no special abilities


You were on level 4 of the Dungeon.
You visited 1 branch of the dungeon, and saw 4 of its levels.

You collected 158 gold pieces.

Inventory:

Hand Weapons
 a - a +0 dagger
 i - a +1 dagger of draining
 r - a +2 dagger of venom (weapon)
Missiles
 e - 2 throwing nets
 m - 4 poisoned darts (quivered)
Armour
 b - a +0 robe (worn)
 c - a +1 hat (worn)
 j - a scarf of harm
Magical Staves
 t - an uncursed staff of poison {unknown}
Jewellery
 l - an uncursed ring of see invisible {unknown}
 p - a +4 ring of slaying
Scrolls
 f - 2 scrolls of teleportation
 g - 4 scrolls of remove curse
 h - a scroll of enchant weapon
Potions
 d - 2 potions of heal wounds {unknown}
 k - a potion of might {unknown}
 n - a potion of resistance {unknown}
 q - 2 potions of flight {unknown}
 s - a potion of curing {unknown}


   Skills:
 + Level 1.1 Fighting
 - Level 2.4 Dodging
 - Level 2.4 Stealth
 + Level 6.2 Spellcasting
 + Level 3.4 Conjurations
 - Level 1.1 Summonings
 - Level 1.1 Translocations


You had 9 spell levels left.
You knew the following spells:

 Your Spells              Type           Power        Failure   Level
a - Magic Dart            Conj           ###.         2%          1
b - Blink                 Tloc           N/A          10%         2
c - Call Imp              Summ           ##......     10%         2
d - Slow                  Hex            #.......     16%         2

Your spell library contained the following spells:

 Spells                   Type           Power        Failure   Level
 Conjure Flame            Conj/Fire      ##......     16%         3
 Mephitic Cloud           Conj/Pois/Air  ##......     19%         3


Dungeon Overview and Level Annotations

Branches:
Dungeon (4/15)
 Temple: D:4-7

Altars:
Dithmenos
Wu Jian


Message History

A puff of flame appears from out of thin air!
The puff of flame hits your white imp!
Your white imp is burned terribly!
Your white imp gestures at the orc priest.
The puff of frost misses the orc priest.
You feel a bit more experienced.
A puff of flame appears from out of thin air!
The puff of flame hits you!
* * * LOW HITPOINT WARNING * * *
The orc priest hits your white imp with a +0 mace!
Your white imp dies!
You're too confused!
Are you sure you want to stumble around while confused and next to your white imp?
Okay, then.
Are you sure you want to stumble around while confused and next to your white imp?
An orc wizard appears from thin air!
Reactivating autopickup.
The orc wizard points at you and mumbles some strange words.
The puff of flame hits you.
You die...

##### # #... .##
##.#####...###
###########...##<....†..
#.o.o.5..5.@.....#...###
#.#########...#### .##
#.# ##o## #
#.##########o##
######.##..........#
.......##§#######..#
#####55##.#### ####
#.o##....# #..##.55.###


You could see an orc priest, an orc wizard, an orc and 2 friendly white imps.

Vanquished Creatures
  A centaur zombie (D:3)
  2 adders
  An ufetubus (D:3)
  An ooze (D:3)
  2 dart slugs
  2 leopard geckos
  A ball python (D:1)
  9 bats
  4 giant cockroaches
  7 goblins
  9 hobgoblins
  3 jackals (D:1)
  3 quokkas
  7 frilled lizards
  9 kobolds
  4 rats
65 creatures vanquished.

Vanquished Creatures (collateral kills)
  3 worms
  3 orcs (D:4)
6 creatures vanquished.

Vanquished Creatures (others)
  10 plants (D:1)
10 creatures vanquished.

Grand Total: 81 creatures vanquished

Notes
Turn   | Place    | Note
-------+----------+-------------------------------------------
     0 | D:1      | DogServant the Deep Elf Hedge Wizard began the quest for
                  | the Orb.
     0 | D:1      | Reached XP level 1. HP: 10/10 MP: 7/7
   309 | D:1      | Reached XP level 2. HP: 15/15 MP: 9/9
   353 | D:1      | Reached skill level 5 in Spellcasting
   683 | D:1      | Learned a level 2 spell: Blink
  1747 | D:2      | Learned a level 2 spell: Call Imp
  1854 | D:2      | Reached XP level 3. HP: 19/19 MP: 7/11
  1888 | D:2      | Found an ornate altar of the Wu Jian Council.
  2609 | D:2      | Found a shadowy altar of Dithmenos.
  2928 | D:2      | Found a faded altar of an unknown god.
  3125 | D:3      | Reached XP level 4. HP: 24/24 MP: 8/13
  3246 | D:3      | Learned a level 2 spell: Slow
  3318 | D:3      | Reached skill level 6 in Spellcasting
  3850 | D:3      | Reached skill level 1 in Fighting
  4263 | D:3      | Reached XP level 5. HP: 25/29 MP: 15/15
  4520 | D:4      | Killed from afar by an orc wizard

Illustrated notes

Levels and vault maps discovered:
D:1:      roderic_crop_circles_arrival_large, layout_loops_ring, serial_forest,
          infiniplex_forest_clump_long, infiniplex_forest_end_1,
          infiniplex_forest_lined_2, infiniplex_forest_clump_double,
          infiniplex_forest_clump_double, infiniplex_forest_straight_4,
          infiniplex_forest_clump_small, infiniplex_forest_lined_3,
          minmay_misc_feat_hallway, minmay_door_square, grunt_decor_cap
D:2:      layout_loops_ring, lemuel_round_altar, nicolae_overflow_crystal_walls,
          chequers_ecumenical_altar_simple_redux, minmay_small_reverse_x
D:3:      layout_loops_corners
D:4:      layout_loops_ring, temple_green, serial_shops, shop, uniq_robin,
          uniq_natasha, uniq_ijyb

Skill      XL: |  1  2  3  4 |
---------------+-------------+-----
Spellcasting   | 5 6 |  6.2
Conjurations   | 2 3 |  3.4
Fighting       | 1 |  1.1
Dodging        | |  2.4
Stealth        | |  2.4
Summonings     | |  1.1
Translocations | |  1.1

Action                   |  1- 3 |  4- 6 || total
-------------------------+-------+-------++-------
Melee: Dagger            |    36 |     6 ||    42
 Cast: Magic Dart        |    96 |    39 ||   135
       Call Imp          |     5 |    10 ||    15
       Blink             |       |     1 ||     1
  Use: Scroll            |       |     7 ||     7
 Stab: Sleeping          |     8 |     3 ||    11
Armor: Robe              |     8 |       ||     8
Dodge: Dodged            |    45 |     9 ||    54

Table legend: (Time is in decaauts)
 A = Elapsed time spent in this place.
 B = Non-inter-level travel time spent in this place.
 C = Inter-level travel time spent in this place.
 D = Time resting spent in this place.
 E = Time spent auto-exploring this place.
 F = Levels seen in this place.
 G = Mean time per level.
                   A        B        C        D        E       F      G
               +--------+--------+--------+--------+--------+-----+--------+
         Total |   4519 |   4428 |     91 |    733 |   3104 |   4 | 1129.8 |
       Dungeon |   4519 |   4428 |     91 |    733 |   3104 |   4 | 1129.8 |
               +--------+--------+--------+--------+--------+-----+--------+

Top non-repeatable levels by time:
     D:1: 1617 daAuts
     D:3: 1442 daAuts
     D:2: 1384 daAuts
     D:4: 75 daAuts
